 Dungeon Crawl Stone Soup version 0.31-a0-774-g0d66cbabe8 (webtiles) character file.

Game seed: 15262516022986048580

63 cforsyth the Sneak (level 4, -4/37 HPs)
             Began as a Djinni Delver on Sept 17, 2023.
             Slain by an iguana (11 damage)
             ... on level 5 of the Dungeon.
             The game lasted 00:01:34 (780 turns).

cforsyth the Sneak (Djinni Delver)                   Turns: 780, Time: 00:01:35

Health: -4/37      AC:  3    Str: 11    XL:     4   Next: 30%
Gold:   51         EV: 12    Int: 14    God:
                   SH:  0    Dex: 14

rFire   + + .        a - +0 falchion
rCold   . . .        (no shield)
rNeg    . . .        b - +0 leather armour
rPois   ∞            (no helmet)
rElec   .            (no cloak)
rCorr   .            (no gloves)
SInv    .            (boots unavailable)
Will    .....        h - amulet of the acrobat
Stlth   ++           j - ring of protection from cold
HPRegen 0.26/turn    (no ring)
MPRegen 0.00/turn

%: acrobat, infuse magic (-5 HP)
@: flying
A: sickness immunity, fire resistance 2, cold vulnerability 1, float, innate
caster, HP casting, extra vitality 1
a: no special abilities


You were on level 5 of the Dungeon.
You visited 1 branch of the dungeon, and saw 2 of its levels.

You collected 51 gold pieces.

Inventory:

Hand Weapons
 a - a +0 falchion (weapon)
Armour
 b - a +0 leather armour (worn)
Jewellery
 h - an amulet of the acrobat (around neck)
 j - a ring of protection from cold (left hand)
Wands
 g - a wand of digging (3)
Scrolls
 c - a scroll of fog
 d - a scroll of revelation
 e - a scroll of fear
 k - a scroll of enchant armour {unknown}
 m - a scroll of teleportation {unknown}
Potions
 f - a potion of haste
 i - a potion of berserk rage {unknown}
 l - a potion of lignification {unknown}


   Skills:
 + Level 4.0 Fighting
 - Level 1.7 Long Blades
 - Level 2.1 Dodging
 - Level 4.1 Stealth
 + Level 1.6 Spellcasting
 + Level 1.6 Conjurations
 + Level 1.6 Hexes
   Level 0.0 Charms
 + Level 1.6 Summonings
 + Level 1.6 Necromancy
 + Level 1.6 Translocations
 + Level 1.6 Transmutations
 + Level 1.6 Fire Magic
 + Level 1.6 Ice Magic
 + Level 1.6 Air Magic
 + Level 1.6 Earth Magic
 + Level 1.6 Poison Magic


You knew the following spells:

 Your Spells              Type           Power      Damage    Failure   Level
a - Shock                 Conj/Air       20%        1d4       17%         1
Your spell library was empty.

Dungeon Overview and Level Annotations

Branches:
Dungeon (5/15)
 Temple: D:4-7

Altars:
Ashenzari
Fedhas

Annotations:
D:4 Ijyb


Innate Abilities, Weirdness & Mutations

You are immune to sickness and miasma.
You are immune to poison.
Your flesh is very heat resistant. (rF++)
You are vulnerable to cold. (rC-)
You float through the air rather than walking.
You learn spells naturally, not from books.
Your magical power is your life essence.
You have superior vitality. (+4 MHP)


Message History

HP restored.
m - a scroll labelled VOLUSCH YDWOV
Things that are here:
a +0 falchion; a +0 leather armour
Found a blossoming altar of Fedhas.
There is a blossoming altar of Fedhas here.
Found a stone staircase leading up.
An iguana comes into view.
Found a murky green potion.
The iguana hisses angrily.
The zap hits the iguana but does no damage.
The zap hits the iguana.
The iguana is lightly wounded.
The zap hits the iguana.
The iguana is moderately wounded.
The zap hits the iguana.
The iguana is moderately wounded.
You closely miss the iguana.
The iguana is moderately wounded.
The iguana closely misses you.
You closely miss the iguana.
The iguana is moderately wounded.
The iguana bites you!
You completely miss the iguana.
The iguana is moderately wounded.
The iguana bites you!
You hit the iguana but do no damage.
The iguana is moderately wounded.
The iguana bites you. The iguana closely misses you.
You closely miss the iguana.
The iguana is moderately wounded.
The iguana bites you!
* * * LOW HITPOINT WARNING * * *
You barely miss the iguana.
The iguana is moderately wounded.
The iguana closely misses you.
You barely miss the iguana.
The iguana is moderately wounded.
The iguana bites you!
You die...

...##.....# ####.##
..........# #.)##.#
##........# #.#.#.#
#.#.#.#########
####.##
#)#.#.........#
..##_##
#...#########.###
....### ##..# #...#
....!
#..###########.#......
#....#......##@l#
#.##.........##.#
#)##..........#.#
#.##..........#..
#.##..........##..
###.##..........# ...
#...............# <...
#.....#........##
.....
#.....#........##


You could see an iguana.

Vanquished Creatures
  An iguana (D:5)
  An orc wizard (D:5)
  7 orcs (D:5)
9 creatures vanquished.

Notes
Turn   | Place    | Note
-------+----------+-------------------------------------------
     0 | D:5      | cforsyth the Djinni Delver began the quest for the Orb.
     0 | D:5      | Reached XP level 1. HP: 20/20 MP: 0/0
   203 | D:4      | Noticed Ijyb
   284 | D:5      | Noticed an orc wizard
   296 | D:5      | Killed an orc wizard
   297 | D:5      | Reached skill level 1 in Spellcasting
   297 | D:5      | Reached skill level 1 in Conjurations
   297 | D:5      | Reached skill level 1 in Hexes
   297 | D:5      | Reached skill level 1 in Summonings
   297 | D:5      | Reached skill level 1 in Necromancy
   297 | D:5      | Reached skill level 1 in Translocations
   297 | D:5      | Reached skill level 1 in Transmutations
   297 | D:5      | Reached skill level 1 in Fire Magic
   297 | D:5      | Reached skill level 1 in Ice Magic
   297 | D:5      | Reached skill level 1 in Air Magic
   297 | D:5      | Reached skill level 1 in Earth Magic
   297 | D:5      | Reached skill level 1 in Poison Magic
   297 | D:5      | Reached XP level 2. HP: 11/25 MP: 0/0
   297 | D:5      | Reached XP level 3. HP: 13/30 MP: 0/0
   297 | D:5      | Learned a level 1 spell: Shock
   301 | D:5      | HP: 1/30 [orc/+0 flail (6)]
   418 | D:5      | Reached XP level 4. HP: 11/37 MP: 0/0
   547 | D:5      | Found a broken altar of Ashenzari.
   725 | D:5      | Found a blossoming altar of Fedhas.
   780 | D:5      | Slain by an iguana

Illustrated notes

Levels and vault maps discovered:
D:4:      layout_cave_pools, gammafunk_temple_overflow_wave,
          minmay_temple_entry_arrows, uniq_ijyb
D:5:      layout_rooms, fedhas_altar_4, marbit_many_paths

Skill      XL: |  1  2  3  4 |
---------------+-------------+-----
Spellcasting   | 1 |  1.6
Conjurations   | 1 |  1.6
Hexes          | 1 |  1.6
Summonings     | 1 |  1.6
Necromancy     | 1 |  1.6
Translocations | 1 |  1.6
Transmutations | 1 |  1.6
Fire Magic     | 1 |  1.6
Ice Magic      | 1 |  1.6
Air Magic      | 1 |  1.6
Earth Magic    | 1 |  1.6
Poison Magic   | 1 |  1.6
Fighting       | 4 |  4.0
Long Blades    | |  1.7
Dodging        | |  2.1
Stealth        | |  4.1

Action                     |  1- 3 |  4- 6 || total
---------------------------+-------+-------++-------
  Melee: Falchion          |    27 |    22 ||    49
   Cast: Shock             |     4 |     4 ||     8
 Armour: Leather armour    |    17 |    13 ||    30
  Dodge: Dodged            |    11 |    11 ||    22

Table legend: (Time is in decaauts)
 A = Elapsed time spent in this place.
 B = Non-inter-level travel time spent in this place.
 C = Inter-level travel time spent in this place.
 D = Time resting spent in this place.
 E = Time spent auto-exploring this place.
 F = Levels seen in this place.
 G = Mean time per level.
                   A        B        C        D        E       F      G
               +--------+--------+--------+--------+--------+-----+--------+
         Total |    790 |    790 |      0 |    297 |    306 |   2 |  395.0 |
       Dungeon |    790 |    790 |      0 |    297 |    306 |   2 |  395.0 |
               +--------+--------+--------+--------+--------+-----+--------+

Top non-repeatable levels by time:
     D:5: 788 daAuts
     D:4: 1 daAuts
